 Dungeon Crawl Stone Soup version 0.26.1-11-gd32895ea62 (webtiles) character file.

Game seed: 16775056606865581980

60 Tirrikindir the Skirmisher (level 4, -8/29 (31) HPs)
             Began as an Octopode Fighter on June 16, 2021.
             Mangled by Crazy Yiuf
             ... wielding a +2 quarterstaff of chaos
              (12 damage)
             ... on level 2 of the Dungeon.
             The game lasted 00:04:47 (1941 turns).

Tirrikindir the Skirmisher (Octopode Fighter)       Turns: 1941, Time: 00:04:48

HP:   -8/29 (31)    AC:  1    Str: 15    XL:     4   Next: 6%
MP:   4/4           EV: 12    Int: 10    God:
Gold: 67            SH:  8    Dex: 12    Spells: 3/3 levels left

rFire    . . .     SeeInvis .   a - +1 long sword
rCold    . . .     Faith    .   b - +0 kite shield
rNeg     . . .     Spirit   .   (helmet restricted)
rPois    .         Reflect  .   (no amulet)
rElec    .         Harm     .   e - ring of resist corrosion
rCorr    +         Rampage  .   g - ring of flight
Will     .....                  (no ring)
Stlth    +++.......             (no ring)
HPRegen  0.09/turn              (no ring)
MPRegen  0.09/turn              (no ring)
                                (no ring)
                                (no ring)

@: drained
A: almost no armour, stealthy swim, amphibious, 8 rings, constrict 8, camouflage
1, gelatinous body 1
a: Evoke Flight


You were on level 2 of the Dungeon.
You visited 1 branch of the dungeon, and saw 2 of its levels.

You collected 67 gold pieces.

Inventory:

Hand Weapons
 a - a +1 long sword (weapon)
 i - a +0 short sword
Armour
 b - a +0 kite shield (worn)
Jewellery
 e - a ring of resist corrosion (left tentacle)
 g - a ring of flight (right tentacle)
Potions
 c - a potion of might
 d - 2 potions of heal wounds {unknown}
 f - a potion of curing
 h - a potion of flight {unknown}
 j - a potion of degeneration {unknown}
 k - a potion of haste {unknown}
 l - a potion of attraction {unknown}


   Skills:
 + Level 3.3 Fighting
 * Level 2.9 Long Blades
 + Level 3.3 Dodging
 + Level 1.9 Stealth
 + Level 3.3 Shields


You had 3 spell levels left.
You didn't know any spells.
Your spell library was empty.

Dungeon Overview and Level Annotations

Branches:
Dungeon (2/15)

Altars:
Sif Muna

Annotations:
D:2 Crazy Yiuf


Innate Abilities, Weirdness & Mutations

You cannot wear most types of armour.
You are very stealthy in the water. (Stealth+)
You are amphibious.
You can wear up to eight rings at the same time.
You can use your tentacles to constrict eight enemies at once.
Your skin changes colour to match your surroundings (Stealth+).
Your rubbery body absorbs attacks. (AC +1, EV +1)


Message History

Crazy Yiuf is lightly wounded.
You constrict Crazy Yiuf. You block Crazy Yiuf's attack.
You hit Crazy Yiuf but do no damage.
Crazy Yiuf is lightly wounded.
You constrict Crazy Yiuf.
Crazy Yiuf cries, "Prologue unthinkable ladder!"
Crazy Yiuf hits you with a +2 quarterstaff of chaos!
You feel drained.
You hit Crazy Yiuf.
Crazy Yiuf is heavily wounded.
You constrict Crazy Yiuf.
Crazy Yiuf hits you with a +2 quarterstaff of chaos!
* * * LOW HITPOINT WARNING * * *
You feel drained.
* * * LOW HITPOINT WARNING * * *
You hit Crazy Yiuf but do no damage.
Crazy Yiuf is severely wounded.
You constrict Crazy Yiuf.
Crazy Yiuf hits you with a +2 quarterstaff of chaos!
You die...

###########
..........#
#####
#########.#
#)g.# ####
#.# #.@.#
...# #.#
#...# ##.#
#.# ##'##
##.######.#
♣.♣♣
.......##.#
♣♣.♣
###.##.##.##
♣.♣♣
.>..(......#
♣♣.♣
..(()......#
♣♣.♣♣
###÷......##
♣♣...♣


You could see Crazy Yiuf.

Vanquished Creatures
  An adder (D:2)
  A shadow imp (D:2)
  A worm (D:2)
  2 dart slugs (D:1)
  A leopard gecko (D:1)
  A giant cockroach (D:2)
  4 goblins
  4 hobgoblins
  7 kobolds
  A ball python (D:2)
  9 bats
  2 frilled lizards
  2 rats (D:2)
36 creatures vanquished.

Vanquished Creatures (others)
  A ghoul (D:1)
  A minotaur (D:1)
  2 draconians (D:1)
  An octopode (D:1)
  A gargoyle (D:1)
  A vine stalker (D:1)
  An elf (D:1)
  A formicid (D:1)
  2 humans (D:1)
  A naga (D:1)
  A dwarf (D:1)
  A mummy (D:1)
  A kobold (D:1)
  4 tentacles (D:1)
19 creatures vanquished.

Grand Total: 55 creatures vanquished

Notes
Turn   | Place    | Note
-------+----------+-------------------------------------------
     0 | D:1      | Tirrikindir the Octopode Fighter began the quest for the
                  | Orb.
     0 | D:1      | Reached XP level 1. HP: 16/16 MP: 1/1
     2 | D:1      | Noticed a human
     2 | D:1      | Noticed a dwarf
     2 | D:1      | Noticed a naga
     2 | D:1      | Noticed an elf
     2 | D:1      | Noticed a gargoyle
     2 | D:1      | Noticed a vine stalker
     2 | D:1      | Noticed a kraken
     2 | D:1      | Noticed a draconian
     2 | D:1      | Noticed an octopode
     2 | D:1      | Noticed a ghoul
     2 | D:1      | Noticed a human
     2 | D:1      | Noticed a minotaur
     2 | D:1      | Noticed a formicid
     2 | D:1      | Noticed a draconian
     3 | D:1      | Killed a naga
     4 | D:1      | Killed a gargoyle
     6 | D:1      | Killed a human
     8 | D:1      | Killed a dwarf
     8 | D:1      | Killed an octopode
    10 | D:1      | Killed a vine stalker
    10 | D:1      | Killed a human
    12 | D:1      | Killed an elf
    14 | D:1      | Killed a minotaur
    15 | D:1      | Killed a draconian
    15 | D:1      | Killed a ghoul
    16 | D:1      | Killed a formicid
    17 | D:1      | Killed a draconian
   170 | D:1      | Reached XP level 2. HP: 16/21 MP: 2/2
   176 | D:1      | Reached skill level 1 in Stealth
   848 | D:2      | Reached XP level 3. HP: 26/26 MP: 3/3
  1274 | D:2      | Found a shimmering blue altar of Sif Muna.
  1782 | D:2      | Reached XP level 4. HP: 31/31 MP: 4/4
  1930 | D:2      | Found a runed translucent door.
  1931 | D:2      | Noticed Crazy Yiuf
  1941 | D:2      | Mangled by Crazy Yiuf

Illustrated notes

Levels and vault maps discovered:
D:1:      nicolae_arrival_kraken_aquarium_b, layout_loops_ring
D:2:      layout_loops_ring, marbit_many_paths, uniq_crazy_yiuf_cottage

Skill      XL: |  1  2 |
---------------+-------+-----
Stealth        | 1 |  1.9
Fighting       | |  3.3
Long Blades    | |  2.9
Dodging        | |  3.3
Shields        | |  3.3

Action                   |  1- 3 |  4- 6 || total
-------------------------+-------+-------++-------
Melee: Long sword        |    63 |     7 ||    70
       Constrict         |    14 |     3 ||    17
       Tentacles         |     9 |     2 ||    11
  Use: Scroll            |     6 |     1 ||     7
 Stab: Sleeping          |     5 |     2 ||     7
Armor: Skin              |     9 |       ||     9
Dodge: Dodged            |    25 |     2 ||    27
Block: Kite shield       |    37 |     1 ||    38
       Rpst.: Long sword |     7 |     1 ||     8
